 Dungeon Crawl Stone Soup version 0.30-a0-722-g3e6e8c874d (webtiles) character file.

Game seed: 14205904563840174148

2372 retardedninja the Slasher (level 9, -1/69 HPs)
             Began as a Demonspawn Gladiator on Jan 27, 2023.
             Was a Believer of Dithmenos.
             Slain by Maggie
             ... wielding a +2 glaive of protection
              (9 damage)
             ... on level 7 of the Dungeon.
             The game lasted 00:11:38 (8639 turns).

retardedninja the Slasher (Demonspawn Gladiator)    Turns: 8639, Time: 00:11:39

Health: -1/69      AC: 11    Str: 14    XL:     9   Next: 21%
Magic:  9/9        EV:  6    Int: 10    God:    Dithmenos [**....]
Gold:   480        SH: 10    Dex: 19    Spells: 8/8 levels left

rFire   . . .      SeeInvis .    a - +0 long sword
rCold   . . .      Faith    .    z - +2 kite shield
rNeg    . . .      Spirit   .    B - +0 chain mail
rPois   .          Reflect  .    (helmet restricted)
rElec   .          Harm     .    g - +0 cloak
rCorr   .          Rampage  .    s - +0 pair of gloves
Will    .....                    A - +0 pair of boots Stlth
                                 n - amulet of the acrobat
HPRegen 0.31/turn                (no ring)
MPRegen 0.11/turn                (no ring)

@: mesmerised, wreathed by umbra
A: antennae 2, hooves 1, demonic guardian 2, demonic touch 2
a: Renounce Religion, Shadow Step


You were on level 7 of the Dungeon.
You worshipped Dithmenos.
Dithmenos was pleased with you.
You visited 2 branches of the dungeon, and saw 8 of its levels.
You also visited: Sewer.

You collected 480 gold pieces.

Inventory:

Hand Weapons
 a - a +0 long sword (weapon)
Missiles
 d - a throwing net (quivered)
 e - a javelin
Armour
 b - a +0 leather armour
 g - a +0 cloak (worn)
 s - a +0 pair of gloves (worn)
 z - a +2 kite shield (worn)
 A - a +0 pair of boots (worn)
 B - a +0 chain mail (worn)
Jewellery
 n - an amulet of the acrobat (around neck)
Wands
 t - a wand of roots (9)
 E - a wand of polymorph (7)
 F - a wand of flame (11)
Scrolls
 c - a scroll of torment {unknown}
 f - a scroll of brand weapon {unknown}
 h - 6 scrolls of fog {unknown}
 l - 2 scrolls of fear {unknown}
 p - a scroll of magic mapping {unknown}
 r - a scroll of blinking {unknown}
 u - 2 scrolls of teleportation {unknown}
 w - a scroll of butterflies {unknown}
 y - a scroll of identify
 C - a scroll of amnesia {unknown}
Potions
 i - a potion of cancellation
 k - a potion of mutation {unknown}
 m - 5 potions of brilliance
 o - a potion of attraction {unknown}
 q - a potion of invisibility
 v - a potion of lignification {unknown}
 x - a potion of experience {unknown}
 D - a potion of haste {unknown}


   Skills:
 + Level 5.8 Fighting
 * Level 7.7 Long Blades
 + Level 5.3 Throwing
 + Level 5.7 Dodging


You had 8 spell levels left.
You didn't know any spells.
Your spell library contained the following spells:

 Spells                   Type           Power      Damage    Failure   Level
 Beastly Appendage        Tmut           0%         N/A       100%        1
 Slow                     Hex            0%         N/A       100%        1
 Cigotuvi's Dreadful Rot  Necr/Pois/Air  0%         N/A       100%        2
 Poisonous Vapours        Pois/Air       0%         N/A       100%        2
 Sublimation of Blood     Necr           0%         N/A       100%        2
 Wereblood                Tmut           0%         N/A       100%        2
 Confusing Touch          Hex            0%         N/A       100%        3
 Ignite Poison            Fire/Tmut/Pois 0%         N/A       100%        3
 Kindle Blastsparks       Fire/Tloc/Air  0%         2d10      100%        3
 Mephitic Cloud           Conj/Pois/Air  0%         N/A       100%        3
 Spider Form              Tmut/Pois      0%         N/A       100%        3
 Vampiric Draining        Necr           0%         2d6       100%        3
 Animate Armour           Summ/Erth      0%         N/A       100%        4
 Summon Ice Beast         Ice/Summ       0%         N/A       100%        4
 Blade Hands              Tmut           0%         N/A       100%        5
 Freezing Cloud           Conj/Ice/Air   0%         6-21      100%        5
 Summon Mana Viper        Hex/Summ       0%         N/A       100%        5
 Iron Shot                Conj/Erth      0%         9d1       100%        6
 Monstrous Menagerie      Summ           0%         N/A       100%        7
 Summon Hydra             Summ           0%         N/A       100%        7


Dungeon Overview and Level Annotations

Branches:
Dungeon (7/15)             Temple (1/1) D:4           Sewer (visited)

Altars:
Cheibriados
Dithmenos
Gozag
Kikubaaqudgha
Makhleb
Nemelex Xobeh
Okawaru
Qazlal
Ru
Sif Muna
Trog
Uskayaw
Vehumet
Xom
Yredelemnul

Shops:
D:1 (   D:2 =   D:5 *   D:6 (

Annotations:
D:7 Maggie


Innate Abilities, Weirdness & Mutations

You have a pair of antennae on your head.
You have large cloven feet.
A demonic guardian rushes to your aid.
Your touch may inflict irresistible damage on your foes.


Message History

You are too injured to fight recklessly!
You are too injured to fight recklessly!
You are too injured to fight recklessly!
You are too injured to fight recklessly!
You feel much better. Maggie barely misses you.
Your rust devil hits Maggie!
Your rust devil corrodes Maggie!
You swap places.
Maggie misses you.
Your rust devil hits Maggie!
Maggie seems to be corroded for longer.
Maggie gestures wildly while chanting.
Maggie draws you further into her thrall.
Your rust devil hits Maggie.
Maggie seems to be corroded for longer.
You hit Maggie but do no damage.
Maggie is moderately wounded.
Maggie hits you with a +2 glaive of protection.
Your rust devil hits Maggie.
Maggie seems to be corroded for longer.
You hit Maggie.
Maggie is heavily wounded.
You block Maggie's attack.
Your rust devil hits Maggie.
Maggie seems to be corroded for longer.
Maggie hits you with a +2 glaive of protection!
You closely miss Maggie.
Maggie is heavily wounded.
Your rust devil barely misses Maggie.
You block Maggie's attack.
You closely miss Maggie.
Maggie is heavily wounded.
Your rust devil hits Maggie.
Maggie seems to be corroded for longer.
Maggie points at you and mumbles some strange words.
The bolt of fire hits you.
Your rust devil closely misses Maggie.
You barely miss Maggie.
Maggie is severely wounded.
Maggie hits you but does no damage.
Your rust devil barely misses Maggie.
You slash Maggie!
Maggie is severely wounded.
Maggie hits you with a +2 glaive of protection!
* * * LOW HITPOINT WARNING * * *
Your rust devil hits Maggie!
Maggie seems to be corroded for longer.
You hit Maggie but do no damage.
Maggie is almost dead.
Maggie hits you with a +2 glaive of protection!
You die...

##. #. #.. #.
#.# #. #.# #.
#.# #####.##.#
.......#.####.#
..#....4@..(#
#.##.#.@#####
#.##.##.#
###.##.##.#
#......##.#
#.#†#####.#
#<#...###>#
#.#.#.#...#
#.#.#.....#
#^..#.....#


You could see Maggie (mesmerising, corroded, ally target) and a friendly rust
devil (summoned).

Vanquished Creatures
  A sky beast (D:7)
  An ogre (D:5)
  2 black bears
  A phantom (D:6)
  7 kobold brigands (Sewer)
  2 scorpions
  6 hounds
  2 jellies (D:6)
  3 orc priests
  Jessica (D:3)
  2 iguanas (D:5)
  Terence (D:3)
  3 orc wizards
  7 gnolls (D:5)
  13 adders
  3 river rats (Sewer)
  A white imp (D:6)
  5 worms
  2 dart slugs
  18 orcs
  5 endoplasms
  5 giant cockroaches
  8 goblins
  3 hobgoblins
  16 kobolds
  2 quokkas
  9 ball pythons
  5 bats
  2 frilled lizards (D:2)
  6 rats
142 creatures vanquished.

Vanquished Creatures (collateral kills)
  A water moccasin (D:6)
  An ogre (D:6)
  A bullfrog (D:6)
  A gnoll sergeant (D:5)
  A hound (D:5)
  A jelly (D:5)
  An orc priest (D:6)
  3 iguanas (D:5)
  2 adders (D:2)
  A worm (D:5)
  2 orcs
  A bat (D:2)
  An endoplasm (Sewer)
  A giant cockroach (D:2)
  A frilled lizard (D:2)
19 creatures vanquished.

Vanquished Creatures (others)
  4 orcs (D:6)
4 creatures vanquished.

Grand Total: 165 creatures vanquished

Notes
Turn   | Place    | Note
-------+----------+-------------------------------------------
     0 | D:1      | retardedninja the Demonspawn Gladiator began the quest for
                  | the Orb.
     0 | D:1      | Reached XP level 1. HP: 16/16 MP: 1/1
    38 | D:1      | Found Etiotom's Antique Weapon Boutique.
   204 | D:1      | Gained mutation: A weak demonic guardian rushes to your
                  | aid. [demonic ancestry]
   204 | D:1      | Reached XP level 2. HP: 16/22 MP: 2/2
   329 | D:1      | Reached skill level 3 in Long Blades
  1064 | D:2      | Discovered your monstrous ancestry.
  1064 | D:2      | Gained mutation: You have a pair of small antennae on your
                  | head. [demonic ancestry]
  1064 | D:2      | Reached XP level 3. HP: 25/28 MP: 3/3
  1525 | D:2      | Found Exzuu's Jewellery Shop.
  1660 | D:2      | Gained mutation: Your touch may inflict minor irresistible
                  | damage on your foes. [demonic ancestry]
  1660 | D:2      | Reached XP level 4. HP: 28/34 MP: 4/4
  2578 | D:3      | Noticed Jessica
  2586 | D:3      | Killed Jessica
  2610 | D:3      | Noticed Terence
  2617 | D:3      | Killed Terence
  2618 | D:3      | Gained mutation: Your touch may inflict irresistible damage
                  | on your foes. [demonic ancestry]
  2618 | D:3      | Reached XP level 5. HP: 36/40 MP: 5/5
  2696 | D:3      | Found a sparkling altar of Nemelex Xobeh.
  2753 | D:3      | Reached skill level 4 in Long Blades
  3431 | D:4      | Gained mutation: You have large cloven feet. [demonic
                  | ancestry]
  3431 | D:4      | Reached XP level 6. HP: 43/47 MP: 6/6
  3450 | D:4      | Found a staircase to the Ecumenical Temple.
  3460 | Temple   | Entered the Ecumenical Temple
  3510 | Temple   | Became a worshipper of Dithmenos the Shadowed
  4331 | D:5      | Entered Level 5 of the Dungeon
  4331 | D:5      | Found an opulent altar of Gozag.
  4345 | D:5      | Reached skill level 5 in Long Blades
  4345 | D:5      | Gained mutation: A demonic guardian rushes to your aid.
                  | [demonic ancestry]
  4345 | D:5      | Reached XP level 7. HP: 53/53 MP: 7/7
  4348 | D:5      | Found Gozag's Platinum Reserve.
  4975 | D:5      | Reached * piety under Dithmenos
  5329 | D:5      | Found a basalt altar of Yredelemnul.
  5330 | D:5      | Found a radiant altar of Vehumet.
  5557 | D:6      | Reached skill level 6 in Long Blades
  5562 | D:6      | Reached XP level 8. HP: 22/61 MP: 8/8
  5905 | D:6      | Reached skill level 5 in Dodging
  6031 | D:6      | Reached skill level 5 in Fighting
  6042 | D:6      | Found Ozaifi's Weapon Boutique.
  6193 | D:6      | Found a burning altar of Makhleb.
  6252 | D:6      | Found a glowing drain.
  6272 | Sewer    | Entered a sewer
  6422 | Sewer    | Reached skill level 7 in Long Blades
  6729 | Sewer    | Reached skill level 5 in Throwing
  7237 | Sewer    | Reached ** piety under Dithmenos
  7253 | Sewer    | Gained mutation: You have a pair of antennae on your head.
                  | [demonic ancestry]
  7253 | Sewer    | Reached XP level 9. HP: 40/68 MP: 9/9
  8623 | D:7      | Noticed Maggie
  8639 | D:7      | Slain by Maggie

Illustrated notes

Levels and vault maps discovered:
D:1:      giann_bridges, layout_rooms, serial_shops, shop,
          dreamdust_wishing_well, nrook_mini_backslash, minmay_misc_feat_iff,
          dk_noncrumbling_3
D:2:      layout_basic, serial_shops, shop, minmay_heptomino_w4
D:3:      kennysheep_big_flooded_room, layout_loops_ring,
          nemelex_diamond_rough_becter, uniq_terence, uniq_jessica
D:4:      layout_cave_pods, temple_hall
D:5:      layout_cave_pools, nicolae_gozag_zags_fifth_avenue,
          mainiacjoe_overflow_divided_tiny
D:6:      layout_loops_ring, makhleb_heckhound_becter, portal_sewer_entry_d,
          serial_shops, shop
D:7:      layout_loops_ring, chequers_temple_overflow_minitemple,
          nicolae_wu_jian_glorious_leap, columned_hall_lemuel, uniq_maggie
Temple:   nicolae_temple_ecumenical_triangle

Skill      XL: |  1  2  3  4  5  6  7  8 |
---------------+-------------------------+-----
Long Blades    | 3 4 5 6 7 |  7.7
Throwing       | 2 3 4 5 |  5.3
Dodging        | 3 4 5 |  5.7
Fighting       | 3 4 5 |  5.8

Action                     |  1- 3 |  4- 6 |  7- 9 || total
---------------------------+-------+-------+-------++-------
  Melee: Long sword        |   100 |   144 |   467 ||   711
         Touch             |       |    17 |     3 ||    20
         Punch             |       |     3 |       ||     3
         Kick              |       |    16 |     7 ||    23
  Throw: Throwing net      |       |       |     5 ||     5
         Javelin           |       |       |     2 ||     2
  Evoke: Wand              |       |       |     2 ||     2
    Use: Scroll            |       |     3 |     2 ||     5
         Potion            |       |       |     7 ||     7
   Stab: Sleeping          |       |     2 |     1 ||     3
         Invisible         |       |       |     4 ||     4
 Armour: Leather armour    |    30 |    31 |   108 ||   169
         Chain mail        |       |       |    24 ||    24
  Dodge: Dodged            |    67 |   102 |   329 ||   498
  Block: Kite shield       |       |       |   253 ||   253

Table legend: (Time is in decaauts)
 A = Elapsed time spent in this place.
 B = Non-inter-level travel time spent in this place.
 C = Inter-level travel time spent in this place.
 D = Time resting spent in this place.
 E = Time spent auto-exploring this place.
 F = Levels seen in this place.
 G = Mean time per level.
                   A        B        C        D        E       F      G
               +--------+--------+--------+--------+--------+-----+--------+
         Total |   8989 |   8610 |    379 |   2198 |   4698 |   9 |  998.8 |
       Dungeon |   7298 |   6931 |    367 |   1890 |   3811 |   7 | 1042.6 |
        Temple |     63 |     51 |     12 |      0 |     23 |   1 |   63.0 |
         Sewer |   1627 |   1627 |      0 |    308 |    863 |   1 | 1627.0 |
               +--------+--------+--------+--------+--------+-----+--------+

Top non-repeatable levels by time:
     D:2: 2005 daAuts
   Sewer: 1627 daAuts
     D:6: 1325 daAuts
     D:5: 1271 daAuts
     D:4: 1052 daAuts
     D:3: 881 daAuts
     D:1: 551 daAuts
     D:7: 209 daAuts
  Temple: 63 daAuts
